 Dungeon Crawl Stone Soup version 0.18.1-47-g9310371 (webtiles) character file.

465 dvd the Skirmisher (level 7, -1/84 HPs)
             Began as a Formicid Abyssal Knight on June 15, 2016.
             Was a Priest of Lugonu.
             Slain by an ogre
             ... wielding a +0 giant club
              (9 damage)
             ... on level 5 of the Dungeon.
             The game lasted 00:10:48 (3693 turns).

dvd the Skirmisher (Formicid Abyssal Knight)        Turns: 3693, Time: 00:10:49

Health: -1/84      AC: 23    Str: 13 (16) XL:     7   Next: 29%
Magic:  9/9        EV:  2    Int: 10 (12) God:    Lugonu [***...]
Gold:   193        SH:  0    Dex: 15 (17) Spells: 0 memorised, 6 levels left

rFire  . . .     SeeInvis .     a - +2 hand axe
rCold  . . .     Gourm    .     (armour currently unavailable)
rNeg   + + +     Faith    .     (no shield)
rPois  +         Spirit   .     (helmet unavailable)
rElec  .         Dismiss  .     (cloak currently unavailable)
rCorr  .         Reflect  .     (gloves currently unavailable)
SustAt .         Harm     .     (boots currently unavailable)
MR     .....                    (no amulet)
Stlth  +++.......               (no ring)
                                n - ring of flight

@: agile, tree-form, not resistant to hostile enchantments, fairly stealthy
A: permanent stasis, dig shafts and tunnels, four strong arms, (antennae 0)
a: Depart the Abyss, Bend Space, Banish, Renounce Religion


You were on level 5 of the Dungeon.
You worshipped Lugonu.
Lugonu was most pleased with you.
You were hungry.
You were a tree.
You visited 2 branches of the dungeon, and saw 6 of its levels.
You visited the Abyss 1 time.

You collected 193 gold pieces.

Inventory:

Hand Weapons
 a - a +2 hand axe (weapon)
 p - a +0 mace
 q - a +1 dagger of holy wrath
Armour
 b - a +0 leather armour
 j - a +0 ring mail
 m - a +1 cloak (melded)
 r - a +0 scale mail (melded)
Jewellery
 n - a ring of flight (left branch)
Scrolls
 i - 2 scrolls of identify
 v - a scroll of recharging
Potions
 h - a potion of lignification
 t - a potion of brilliance {unknown}
 w - a potion of ambrosia {unknown}
 z - a potion of mutation {unknown}
 A - a potion of curing {unknown}
Comestibles
 c - a bread ration
 d - a royal jelly
 k - 2 meat rations
 s - 2 beef jerkies


   Skills:
 + Level 5.3 Fighting
 + Level 3.7 Axes
 + Level 4.2 Armour
 + Level 3.0 Dodging
 + Level 0.6 Stealth
 + Level 2.7 Invocations


You had 6 spell levels left.
You didn't know any spells.

Dungeon Overview and Level Annotations

Branches:
Dungeon (5/15)             Temple (1/1) D:4

Altars:
Cheibriados
Elyvilon
Gozag
Makhleb
Okawaru
Pakellas
Qazlal
Ru
Sif Muna
The Shining One

Shops:
D:4 %

Annotations:
D:5 Eustachio
Abyss:1 Grinder


Innate Abilities, Weirdness & Mutations

You are under a permanent stasis effect.
You can dig through walls and to a lower floor.
Your four strong arms can wield two-handed weapons with a shield.
((You have a pair of large antennae on your head (SInv).))


Message History

The ogre is severely wounded.
Eustachio hits you but does no damage. The ogre hits you but does no damage.
You hit Eustachio but do no damage.
Eustachio is moderately wounded.
You hit the ogre.
The ogre is severely wounded.
Eustachio gestures wildly while chanting.
Eustachio blinks!
The ogre hits you with a giant club!
* * * LOW HITPOINT WARNING * * *
Eustachio mumbles some strange words.
You slash Eustachio!
Eustachio is heavily wounded.
You hit the ogre.
The ogre is severely wounded.
Eustachio casts a spell.
Unknown command.
Press: ? - help, Shift-Dir - straight line, f/p - ogre
Aim: an ogre, wielding a giant club (severely wounded, chance to defeat MR: 81%)
You fail to use your ability.
The ogre hits you with a giant club!
You die...

##### #...
######.######.
#....r........
#O####.#####.
#♣#<.#{# #@##.#.#
#5##.#.#
#####b##.#{####...
#.................
#.###.##.#r####...
#†##.#.# #.##.#.#
#.##.#.#


You could see Eustachio, an ogre, a shadow imp and a bat.

Vanquished Creatures
  A howler monkey (D:3)
  A giant frog skeleton (D:4)
  2 orc wizards (D:4)
  2 worker ants
  8 adders
  2 gnolls (D:3)
  An ooze (D:2)
  A worm (D:4)
  4 dart slugs
  2 giant geckos
  4 orcs
  4 bats
  4 giant cockroaches
  3 goblins
  5 hobgoblins
  8 jackals
  3 quokkas
  A ball python (D:2)
  6 giant newts
  15 kobolds
  9 rats
86 creatures vanquished.

Notes
Turn   | Place    | Note
--------------------------------------------------------------
     0 | Abyss:1  | dvd the Formicid Abyssal Knight began the quest for the Orb.
     0 | Abyss:1  | Reached XP level 1. HP: 18/18 MP: 2/2
    66 | Abyss:1  | Noticed a guardian serpent
    66 | D:1      | Escaped the Abyss
   145 | D:1      | Reached XP level 2. HP: 19/25 MP: 3/3
   234 | D:1      | Reached * piety under Lugonu
   363 | D:1      | Reached skill level 4 in Fighting
   391 | D:1      | Reached XP level 3. HP: 26/30 MP: 4/4
   936 | D:2      | Reached XP level 4. HP: 34/38 MP: 5/5
   958 | D:2      | Reached skill level 1 in Dodging
  1161 | D:2      | Reached ** piety under Lugonu
  1608 | D:3      | Found an iron altar of Okawaru.
  1622 | D:3      | Reached XP level 5. HP: 38/43 MP: 6/6
  2328 | D:3      | Reached XP level 6. HP: 46/50 MP: 7/7
  2547 | D:3      | Found a sacrificial altar of Ru.
  2741 | D:4      | Found Ireigu Bypyd's Food Emporium.
  2783 | D:4      | Reached *** piety under Lugonu
  2908 | D:4      | Noticed Grinder
  2922 | D:4      | Banished Grinder
  2922 | D:4      | Reached skill level 5 in Fighting
  3102 | D:4      | Reached XP level 7. HP: 44/56 MP: 8/8
  3438 | D:4      | Found a staircase to the Ecumenical Temple.
  3443 | Temple   | Entered the Ecumenical Temple
  3612 | D:5      | Entered Level 5 of the Dungeon
  3617 | D:5      | Noticed Eustachio
  3693 | D:5      | Slain by an ogre

Skill      XL: |  1  2  3  4  5  6  7 |
---------------+----------------------+-----
Fighting       | 4 5 |  5.3
Dodging        | 1 2 3 |  3.0
Armour         | 3 4 |  4.2
Axes           | 3 |  3.7
Stealth        | |  0.6
Invocations    | |  2.7

Action                   |  1- 3 |  4- 6 |  7- 9 || total
-------------------------+-------+-------+-------++-------
Melee: Hand axe          |    86 |   187 |    68 ||   341
Invok: Depart the Abyss  |     1 |       |       ||     1
       Banish            |       |     1 |     1 ||     2
  Use: Scroll            |     4 |     7 |       ||    11
       Potion            |       |       |     5 ||     5
  Eat: Chunk             |       |     7 |     2 ||     9
Armor: Leather armour    |     9 |       |       ||     9
       Ring mail         |    27 |    11 |       ||    38
       Scale mail        |       |   100 |    37 ||   137
       Skin              |       |       |    26 ||    26
Dodge: Dodged            |    53 |   118 |    36 ||   207
